 Dungeon Crawl Stone Soup version 0.21-a0-529-g8c7b3f5 (webtiles) character file.

558 Amnesiac the Reanimator (level 7, -1/36 HPs)
             Began as a Deep Elf Necromancer on Dec 9, 2017.
             Was an Initiate of Sif Muna.
             Slain by Menkaure (24 damage)
             ... in an ossuary.
             The game lasted 00:08:32 (4569 turns).

Amnesiac the Reanimator (Deep Elf Necromancer)      Turns: 4569, Time: 00:08:33

Health: -1/36      AC:  4    Str:  5    XL:     7   Next: 9%
Magic:  12/18      EV: 13    Int: 22    God:    Sif Muna [......]
Gold:   184        SH:  0    Dex: 15    Spells: 7/18 levels left

rFire    . . .     SeeInvis .   g - +2 short sword (drain)
rCold    . . .     Gourm    .   (no shield)
rNeg     . . .     Faith    .   a - +0 robe
rPois    .         Spirit   .   s - +0 helmet
rElec    .         Reflect  .   (no cloak)
rCorr    .         Harm     .   d - +0 pair of gloves
MR       .....                  (no boots)
Stlth    ++........             (no amulet)
HPRegen  1.12/turn              (no ring)
MPRegen  0.16/turn              (no ring)

@: regenerating
A: no striking features
a: Renounce Religion


You were in an ossuary.
You worshipped Sif Muna.
Sif Muna was noncommittal.
You were not hungry.

You visited 2 branches of the dungeon, and saw 5 of its levels.
You also visited: Ossuary.

You collected 184 gold pieces.

Inventory:

Hand Weapons
 g - a +2 short sword of draining (weapon)
Missiles
 e - 16 poisoned needles
 q - 77 stones (quivered)
Armour
 a - a +0 robe (worn)
 d - a +0 pair of gloves (worn)
 s - a +0 helmet (worn)
Scrolls
 h - 2 scrolls of enchant weapon {!r, unknown}
 l - a scroll of amnesia {!r, unknown}
 m - 2 scrolls of magic mapping {!r, unknown}
 o - a scroll of teleportation {!r}
 t - a scroll of immolation {!r}
Potions
 f - a potion of curing {!q}
 j - 2 potions of agility {!q}
 k - a potion of lignification {!q}
 p - 2 potions of flight {!q}
Books
 b - a book of Necromancy

   Spells                             Type                      Level
   a - Pain                           Necromancy                   1
   b - Animate Skeleton               Necromancy                   1
   c - Vampiric Draining              Necromancy                   3
   d - Regeneration                   Charms/Necromancy            3
   e - Animate Dead                   Necromancy                   4
   f - Control Undead                 Necromancy                   4
Comestibles
 c - 4 bread rations
 n - 3 fruits
 r - a meat ration


   Skills:
 - Level 2.4 Dodging
 - Level 2.4 Stealth
 + Level 6.3 Spellcasting
 * Level 8.9 Necromancy


You had 7 spell levels left.
You knew the following spells:

 Your Spells              Type           Power        Failure   Level  Hunger
a - Pain                  Necr           ####         1%          1    None
b - Control Undead        Necr           #####.....   2%          4    ###....
d - Vampiric Draining     Necr           #####.....   1%          3    #......
r - Regeneration          Chrm/Necr      ####......   4%          3    #......


Dungeon Overview and Level Annotations

Branches:
Dungeon (4/15)             Temple (1/1) D:4

Altars:
Ashenzari
Cheibriados
Dithmenos
Elyvilon
Gozag
Hepliaklqana
Makhleb
Okawaru
Qazlal
Ru
Sif Muna
Uskayaw
Vehumet
Wu Jian
Xom
Yredelemnul
Zin
The Shining One

Annotations:
D:3 Doomer's ghost, amateur MiAK Ossuary Menkaure


Message History

You avoid triggering an arrow trap.
There is an arrow trap here.
You found an arrow trap!
Really walk into that arrow trap? [Y]es or [N]o only, please.
Really walk into that arrow trap? [Y]es or [N]o only, please.
Really walk into that arrow trap?
You avoid triggering an arrow trap.
There is an arrow trap here.
A gnoll skeleton comes into view.
An arrow shoots out and hits you!
You found an arrow trap!
There is an arrow trap here.
You hit the gnoll skeleton but do no damage.
The gnoll skeleton is lightly damaged.
The gnoll skeleton closely misses you.
You hit the gnoll skeleton.
The gnoll skeleton is heavily damaged.
The gnoll skeleton closely misses you.
You hit the gnoll skeleton.
The gnoll skeleton is severely damaged.
The gnoll skeleton barely misses you.
You hit the gnoll skeleton.
The gnoll skeleton is almost destroyed.
You hit the gnoll skeleton.
You destroy the gnoll skeleton!
Sif Muna accepts your kill.
Casting: Regeneration
Confirm with . or Enter, or press ? or * to list all spells.
Your skin crawls.
An arrow shoots out and hits you!
There is an arrow trap here.
Menkaure, Prince of Dust comes into view.
Casting: Regeneration
Confirm with . or Enter, or press ? or * to list all spells.
Menkaure submits to your will.
You swap places.
Your skin is crawling a little less now.
A mummy comes into view.
You hit the mummy.
The mummy is lightly damaged.
Your skin stops crawling.
The mummy hits you!
Menkaure barely misses the mummy.
Menkaure completely misses the mummy.
The mummy hits Menkaure!
Menkaure hits the mummy!
The mummy hits Menkaure!
Menkaure hits the mummy!
The mummy is destroyed!
Sif Muna accepts your kill.
Casting: Control Undead
Confirm with . or Enter, or press ? or * to list all spells.
Your skin crawls.
Really attack your ally Menkaure?
You barely miss Menkaure.
Menkaure is no longer charmed.
Menkaure is almost destroyed.
Menkaure gestures at you while chanting.
Pain shoots through your body!
You barely miss Menkaure.
Menkaure is almost destroyed.
You barely miss Menkaure.
Menkaure is almost destroyed.
Menkaure hits you!!
Ouch! That really hurt!
You die...

##.^##..######..##..
##..##..##....##..##.
##..##..##..##..##..##
##..##..##..####..##..#
##..##..##..## ##^.##..
##..##..##..## ##..##.
##..##..##..## ##..##
##..##..##..## ##..#
##..##..##.@## ##.^
##^.##..##.M## ##^ ##..##..##..##
## ##..##..##.......... #
##..##..########################
##..##......^............^.......
#..##############################
..........^......................
#################################


You could see Menkaure.

Vanquished Creatures
  An ogre (D:4)
  A howler monkey (D:4)
  A gnoll shaman (D:4)
  2 orc priests (D:3)
  Natasha (twice) (D:4)
  2 worker ants
  5 gnolls (D:4)
  10 adders
  5 worms
  A dart slug (D:1)
  2 leopard geckos
  4 orcs (D:3)
  8 bats
  2 giant cockroaches (D:2)
  8 goblins
  10 hobgoblins
  10 kobolds
  3 quokkas
  7 frilled lizards
  2 gnoll skeletons (Ossuary)
  A gnoll zombie (Ossuary)
  2 kobold skeletons (Ossuary)
  A kobold zombie (Ossuary)
  3 orc skeletons (Ossuary)
  A quokka zombie (D:4)
  10 rats
  4 rat zombies
108 creatures vanquished.

Vanquished Creatures (collateral kills)
  A mummy (Ossuary)
  3 gnoll skeletons (Ossuary)
  A hobgoblin skeleton (Ossuary)
  A rat zombie (Ossuary)
6 creatures vanquished.

Vanquished Creatures (others)
  A gnoll zombie (Ossuary)
  A gnoll skeleton (Ossuary)
  3 goblin skeletons (Ossuary)
  A goblin zombie (Ossuary)
  4 hobgoblin skeletons (Ossuary)
  4 hobgoblin zombies (Ossuary)
  2 kobold skeletons (Ossuary)
  5 kobold zombies (Ossuary)
  An orc skeleton (Ossuary)
  4 orc zombies (Ossuary)
  3 rat skeletons (Ossuary)
  4 rat zombies (Ossuary)
33 creatures vanquished.

Grand Total: 147 creatures vanquished

Notes
Turn   | Place    | Note
-------+----------+-------------------------------------------
     0 | D:1      | Amnesiac the Deep Elf Necromancer began the quest for the Orb.
     0 | D:1      | Reached XP level 1. HP: 10/10 MP: 6/6
   154 | D:1      | Reached skill level 5 in Necromancy
   372 | D:1      | Reached XP level 2. HP: 12/15 MP: 8/8
  1057 | D:2      | Reached XP level 3. HP: 19/19 MP: 10/10
  1062 | D:2      | Learned a level 3 spell: Vampiric Draining
  1066 | D:2      | Learned a level 3 spell: Regeneration
  1313 | D:2      | Reached skill level 6 in Necromancy
  1327 | D:2      | Found an opulent altar of Gozag.
  1451 | D:2      | Reached XP level 4. HP: 14/24 MP: 3/12
  1476 | D:2      | Learned a level 4 spell: Control Undead
  1684 | D:2      | Found a shadowy altar of Dithmenos.
  2127 | D:2      | Reached XP level 5. HP: 21/28 MP: 14/14
  2380 | D:3      | Reached skill level 7 in Necromancy
  2507 | D:3      | Noticed Doomer's ghost (amateur MiAK)
  2523 | D:3      | Found a white marble altar of Elyvilon.
  2555 | D:3      | Found an iron altar of Okawaru.
  2598 | D:3      | Found a basalt altar of Yredelemnul.
  2784 | D:3      | Reached skill level 5 in Spellcasting
  3702 | D:4      | Reached XP level 6. HP: 24/32 MP: 16/16
  3727 | D:4      | Reached skill level 8 in Necromancy
  3847 | D:4      | Found a shattered altar of Ashenzari.
  3847 | D:4      | Found a stormy altar of Qazlal.
  3896 | D:4      | Noticed Natasha
  3899 | D:4      | Killed Natasha
  3931 | D:4      | Found a staircase to the Ecumenical Temple.
  4012 | Temple   | Entered the Ecumenical Temple
  4037 | Temple   | Became a worshipper of Sif Muna the Loreminder
  4154 | D:4      | Reached XP level 7. HP: 21/36 MP: 11/18
  4205 | D:4      | Noticed Natasha
  4210 | D:4      | Killed Natasha
  4223 | D:4      | Found a sand-covered staircase.
  4242 | Ossuary  | Entered an ossuary
  4547 | Ossuary  | Noticed Menkaure
  4569 | Ossuary  | Slain by Menkaure

Vault maps used:
D:1:      erik_arrival_cave_to_civilisation, minmay_distorted
D:2:      grunt_gozag_statues, first_bread, grunt_dithmenos_smoke_and_mirrors
D:3:      kennysheep_ying_yang, okawaru_metal_pillars_1_2
D:4:      gammafunk_temple_overflow_elements, temple_statues, enter_ossuary_4,
          due_unseen_surprise, uniq_duvessa, uniq_natasha
Temple:   minmay_temple_bridge_abc
Ossuary:  ossuary_due_pyramid

Skill      XL: |  1  2  3  4  5  6 |
---------------+-------------------+-----
Necromancy     | 5 6 7 8 |  8.9
Spellcasting   | 4 5 6 |  6.3
Dodging        | |  2.4
Stealth        | |  2.4

Action                   |  1- 3 |  4- 6 |  7- 9 || total
-------------------------+-------+-------+-------++-------
Melee: Short sword       |    58 |   160 |    51 ||   269
 Cast: Pain              |    21 |    19 |       ||    40
       Vampiric Draining |     3 |    22 |     3 ||    28
       Regeneration      |       |     4 |     4 ||     8
       Control Undead    |       |     1 |     4 ||     5
  Use: Scroll            |       |     7 |       ||     7
 Stab: Sleeping          |     6 |    11 |     1 ||    18
  Eat: Chunk             |     2 |    10 |     2 ||    14
Armor: Robe              |    15 |    29 |     7 ||    51
Dodge: Dodged            |    38 |    97 |    21 ||   156

Table legend:
 A = Spawn XP
 B = Non-spawn XP
 C = Spawn XP percentage of total XP
 D = Spawn monster count
 E = Non-spawn monster count
 F = Spawn count percentage of total count
 G = Total turns spent on level
                    A         B        C        D         E        F      G
               +---------+---------+-------+---------+---------+-------+---------
         Total |       0 |     798 |   0.0 |       0 |     105 |   0.0 |  4569
               +---------+---------+-------+---------+---------+-------+---------
           D:1 |       0 |      40 |   0.0 |       0 |      23 |   0.0 |  1044
           D:2 |       0 |     167 |   0.0 |       0 |      31 |   0.0 |  1388
           D:3 |       0 |     159 |   0.0 |       0 |      26 |   0.0 |  1199
           D:4 |       0 |     415 |   0.0 |       0 |      16 |   0.0 |   565
       Ossuary |       0 |      17 |   0.0 |       0 |       9 |   0.0 |   327
               +---------+---------+-------+---------+---------+-------+---------
